[Event "Titled Tuesday Blitz August 1 Early 2023"]
[White "Molina, Roberto Junio Brito"]
[Black "Manukyan, Sargis A."]
[WhiteFideId "2109450"]
[BlackFideId "13303970"]
[WhiteElo "2850"]
[BlackElo "2641"]
[Result "1/2-1/2"]
[Round "7"]
[TimeControl "180+1"]
[Date "2023.08.01"]
[WhiteClock "0:00:07"]
[BlackClock "0:00:14"]
[Board "44"]

1. e4 c5 2. Nf3 d6 3. d4 cxd4 4. Nxd4 Nf6 5. Nc3 g6 6. Be2 Bg7 7. O-O O-O 8. Re1 Nc6 9. Nb3 Be6 10. Bf1 Qc8 11. Bg5 Rd8 12. Nd5 h6 13. Nxf6+ exf6 14. Bf4 d5 15. exd5 Rxd5 16. Qc1 g5 17. Be3 Nb4 18. Re2 f5 19. a3 Na6 20. f4 g4 21. c3 b6 22. Bd4 Nc5 23. Nxc5 Bxd4+ 24. cxd4 bxc5 25. dxc5 Qxc5+ 26. Qxc5 Rxc5 27. Rd2 Rac8 28. Bd3 h5 29. Kf2 h4 30. g3 h3 31. Re1 Kg7 32. Ke3 Kf6 33. Ree2 Rc1 34. Rc2 R8xc2 35. Rxc2 Rg1 36. Kd4 Rg2 37. Re2 Bb3 38. Kc3 Bd1 39. Rd2 Bf3 40. b4 Be4 41. Bf1 Rg1 42. Bc4 Bg2 43. a4 Rh1 44. b5 Rxh2 45. Bf1 Rh1 46. Bxg2 Rg1 47. Bd5 Rxg3+ 48. Kb4 Rg1 49. a5 g3 50. b6 axb6 51. axb6 g2 52. Rb2 h2 53. b7 h1=Q 54. b8=Q Re1 55. Qd6+ Kg7 56. Rxg2+ Kh7 57. Rg7+ Kxg7 58. Bxh1 Rxh1 59. Qe7 Rh6 60. Qg5+ Rg6 61. Qxf5 Rf6 62. Qe5 Kg6 63. Kc4 Re6 64. Qg5+ Kh7 65. Kd5 Rg6 66. Qf5 Kg7 67. Ke5 Rh6 68. Qg5+ Rg6 69. Qe7 Rh6 70. f5 Ra6 71. Qg5+ Kf8 72. Qd8+ Kg7 73. f6+ Kh7 74. Qf8 Re6+ 75. Kd5 Rxf6 76. Ke5 Re6+ 77. Kf5 Rf6+ 78. Ke5 Re6+ 79. Kd5 Kg6 80. Qg8+ Kf6 81. Qc8 Kg7 82. Qd8 Kg6 83. Qg8+ Kf6 84. Qh8+ Ke7 85. Qh4+ Kf8 86. Qg5 Rg6 87. Qf5 Kg7 88. Ke5 Re6+ 89. Kd5 Rg6 90. Qe5+ Kf8 91. Qc7 Re6 92. Qd8+ Kg7 93. Qd7 Rg6 94. Ke5 Re6+ 95. Kf5 Rf6+ 96. Kg5 Rg6+ 97. Kf4 Rf6+ 98. Ke4 Re6+ 99. Kd5 Rg6 100. Qd8 Re6 101. Kd4 Rg6 102. Ke5 Re6+ 103. Kf5 Rg6 104. Qe7 Kg8 105. Qe5 Re6 106. Qg3+ Rg6 107. Qh4 Re6 108. Qg5+ Rg6 109. Qd8+ Kg7 110. Qd4+ Kg8 111. Qc3 Re6 112. Qb2 Rg6 113. Qb3 Re6 114. Qc3 Rg6 115. Qc4 Kg7 116. Qd4+ Kg8 117. Qc3 Re6 118. Qb2 Rg6 119. Qb8+ Kg7 120. Qb2+ Kg8 1/2-1/2


[Site "https://www.chess.com"]

[Event "Titled Tuesday Blitz August 1 Early 2023"]
[White "Timofeev, Artyom"]
[Black "Malek, Jan"]
[WhiteFideId "4140419"]
[BlackFideId "21864080"]
[WhiteElo "2850"]
[BlackElo "2638"]
[Result "1/2-1/2"]
[Round "7"]
[TimeControl "180+1"]
[Date "2023.08.01"]
[WhiteClock "0:00:26"]
[BlackClock "0:00:15"]
[Board "45"]

1. c4 b6 2. e4 Bb7 3. Nc3 e5 4. Nf3 Nf6 5. Nxe5 Qe7 6. d4 d6 7. Nf3 Nxe4 8. Nxe4 Qxe4+ 9. Be2 Be7 10. O-O O-O 11. Bd3 Qg4 12. d5 Nd7 13. Bxh7+ Kh8 14. Bd3 Bf6 15. h3 Qh5 16. Qc2 Nc5 17. Bf5 Bc8 18. Bxc8 Raxc8 19. Be3 Rce8 20. Bxc5 bxc5 21. Rfe1 g6 22. Rad1 Kg7 23. b3 a5 24. Re2 Rxe2 25. Qxe2 Qf5 26. Qd3 Qd7 27. Re1 a4 28. h4 Rh8 29. g3 axb3 30. axb3 Qg4 31. Qe4 Qh3 32. Re3 Qd7 33. Kg2 Qd8 34. Qd3 Qd7 35. Re4 Qf5 36. Qe3 Qd7 37. Qf4 Rb8 38. Re3 Re8 39. Rxe8 Qxe8 40. Qe3 Qc8 41. Qe4 Qb8 42. Qd3 Qc8 43. Nh2 Bd4 44. Nf1 Qg4 45. Qf3 Qd7 46. Ne3 Qe7 47. h5 Bxe3 48. fxe3 gxh5 49. Qf4 Qf6 50. Kh3 Qxf4 51. gxf4 f5 52. Kh4 Kg6 53. Kg3 Kh6 54. Kh3 Kg6 55. Kh4 Kh6 56. Kg3 Kg6 57. Kh4 Kh6 58. Kh3 Kg6 59. Kh4 1/2-1/2


[Site "https://www.chess.com"]

[Event "Titled Tuesday Blitz August 1 Early 2023"]
[White "Mitrabha, Guha"]
[Black "Przybylski, Wojciech"]
[WhiteFideId "5057000"]
[BlackFideId "1117599"]
[WhiteElo "2839"]
[BlackElo "2634"]
[Result "1-0"]
[Round "7"]
[TimeControl "180+1"]
[Date "2023.08.01"]
[WhiteClock "0:00:22"]
[BlackClock "0:00:01"]
[Board "46"]

1. Nc3 d5 2. e4 d4 3. Nce2 Nf6 4. d3 e5 5. g3 c5 6. Bg2 Nc6 7. h3 Bd6 8. f4 h6 9. Nf3 Qc7 10. O-O Bd7 11. c4 Ng8 12. a3 Nge7 13. b4 f6 14. b5 Nd8 15. a4 a5 16. bxa6 bxa6 17. Bd2 Ne6 18. Qb3 Rb8 19. Qc2 exf4 20. gxf4 Bxf4 21. Nxf4 Nxf4 22. Rae1 Nxg2 23. Kxg2 O-O 24. Qc1 Kh7 25. Bf4 Qc6 26. Bxb8 Rxb8 27. a5 Ng6 28. Qd2 Qe6 29. Rh1 Rb3 30. Kf2 Qd6 31. Rb1 Rc3 32. Rhc1 Ra3 33. Ra1 Rb3 34. Rcb1 Rc3 35. Rb6 Qc7 36. Rc1 Ra3 37. Rcb1 Nf4 38. Rb7 Nxh3+ 39. Kf1 Qg3 40. Qg2 Qxg2+ 41. Kxg2 Nf4+ 42. Kg3 Nh5+ 43. Kh4 Be8 44. Ne1 Nf4 45. Re7 Bg6 46. Rbb7 Nh5 47. Ra7 Rxa5 48. Ng2 Ra2 49. Nf4 Rh2+ 50. Kg4 Nxf4 51. Rxg7+ Kh8 52. Kxf4 Bh5 53. Kg3 Rh1 54. Rh7+ Kg8 55. Rhb7 Be8 56. Rb8 Kf8 57. Raa8 Kf7 58. Rxe8 Rd1 59. Rf8+ Kg6 60. Rg8+ Kh5 61. Kf4 Rxd3 62. Rg1 Rd2 63. Rag8 Rf2+ 64. Kg3 Rc2 65. Rh1+ Rh2 66. Rxh2# 1-0


[Site "https://www.chess.com"]

[Event "Titled Tuesday Blitz August 1 Early 2023"]
[White "Sychev, Klementy"]
[Black "Iskusnyh, Sergei"]
[WhiteFideId "4114060"]
[BlackFideId "4120027"]
[WhiteElo "2804"]
[BlackElo "2632"]
[Result "0-1"]
[Round "7"]
[TimeControl "180+1"]
[Date "2023.08.01"]
[WhiteClock "0:00:02"]
[BlackClock "0:00:08"]
[Board "47"]

1. e4 e6 2. Qe2 c5 3. g3 Nc6 4. Bg2 g6 5. h4 Nf6 6. e5 Nd5 7. Nf3 h6 8. Nc3 Bg7 9. Ne4 O-O 10. Nxc5 Ndb4 11. d4 d6 12. exd6 b6 13. Ne4 f5 14. c3 Ba6 15. Qxa6 Nxa6 16. Ned2 Qxd6 17. O-O Rad8 18. Nc4 Qd7 19. Re1 Nc7 20. Nce5 Nxe5 21. Nxe5 Qc8 22. Nxg6 Rfe8 23. Bf4 Nd5 24. Be5 Bxe5 25. Rxe5 Kg7 26. h5 Nf6 27. Nf4 Ng4 28. Re2 e5 29. dxe5 Rxe5 30. Rxe5 Nxe5 31. Re1 Re8 32. Kh1 Ng4 0-1


[Site "https://www.chess.com"]

[Event "Titled Tuesday Blitz August 1 Early 2023"]
[White "Wagh Suyog"]
[Black "Ovetchkin, Roman"]
[WhiteFideId "25071688"]
[BlackFideId "4119991"]
[WhiteElo "2779"]
[BlackElo "2631"]
[Result "0-1"]
[Round "7"]
[TimeControl "180+1"]
[Date "2023.08.01"]
[WhiteClock "0:00:00"]
[BlackClock "0:00:04"]
[Board "48"]

1. d4 Nf6 2. c4 c5 3. d5 b5 4. cxb5 a6 5. bxa6 g6 6. Nf3 Bg7 7. Nc3 O-O 8. e4 Qa5 9. a7 Rxa7 10. Bd2 Ra8 11. Bd3 Ba6 12. Qe2 Bxd3 13. Qxd3 Qa6 14. Qxa6 Nxa6 15. O-O Rfb8 16. Rab1 Nb4 17. a4 d6 18. b3 Nc2 19. e5 Nd7 20. exd6 exd6 21. Nb5 Ra6 22. Rfc1 Nd4 23. Nfxd4 cxd4 24. Rc6 Rab6 25. Ba5 R6b7 26. Bc7 Ra8 27. Bxd6 Nf6 28. Rc7 Rbb8 29. Rc4 Rd8 30. Be7 Rd7 31. d6 Ne4 32. Rd1 Nc3 33. Nxc3 dxc3 34. Kf1 f5 35. Ke2 Kf7 36. Kd3 Be5 37. Kc2 Ra6 38. Rxc3 Bxc3 39. Kxc3 Ke6 40. Kb2 Rb7 41. Ka3 Kd7 42. b4 Rb5 43. Kb3 Re5 44. b5 Ra8 45. Rc1 Re2 46. b6 Rxf2 47. Rc7+ Ke6 48. b7 Rb8 49. a5 Rf1 50. a6 Rb1+ 51. Ka2 Rb6 52. a7 Ra6+ 53. Kb3 Rxa7 54. Kc3 Raxb7 55. Rc5 Kd7 56. Kd4 Rc8 57. Rxc8 Kxc8 58. Ke5 Kd7 0-1


[Site "https://www.chess.com"]

[Event "Titled Tuesday Blitz August 1 Early 2023"]
[White "Kushko, Dmitriy"]
[Black "Mamedov, Edgar"]
[WhiteFideId "14162261"]
[BlackFideId "13739980"]
[WhiteElo "2771"]
[BlackElo "2626"]
[Result "0-1"]
[Round "7"]
[TimeControl "180+1"]
[Date "2023.08.01"]
[WhiteClock "0:00:02"]
[BlackClock "0:00:19"]
[Board "49"]

1. Nf3 d5 2. g3 Bg4 3. Bg2 c6 4. h3 Bxf3 5. Bxf3 Nd7 6. O-O e6 7. d3 Bd6 8. Bg2 Ne7 9. e4 O-O 10. Nd2 a5 11. a4 f5 12. Qe2 dxe4 13. dxe4 f4 14. Qc4 Rf6 15. gxf4 Bxf4 16. Nf3 Ng6 17. Be3 Qc7 18. Rad1 Raf8 19. Kh1 Bxe3 20. fxe3 Nde5 21. Nxe5 Qxe5 22. c3 Nh4 23. Rxf6 Rxf6 24. Rf1 Qg3 25. Qe2 Rg6 26. Rf2 Nxg2 27. Rxg2 Qxh3+ 28. Rh2 Qg3 29. Rg2 Qxg2+ 30. Qxg2 Rxg2 31. Kxg2 Kf7 32. Kg3 Kf6 33. Kf4 g5+ 34. Kg4 h6 35. Kh5 Ke5 0-1


[Site "https://www.chess.com"]

[Event "Titled Tuesday Blitz August 1 Early 2023"]
[White "Kaczur, Florian"]
[Black "Pham, Le Thao Nguyen"]
[WhiteFideId "705098"]
[BlackFideId "12401226"]
[WhiteElo "2768"]
[BlackElo "2617"]
[Result "1-0"]
[Round "7"]
[TimeControl "180+1"]
[Date "2023.08.01"]
[WhiteClock "0:00:50"]
[BlackClock "0:00:00"]
[Board "50"]

1. Nf3 d5 2. c4 c6 3. Qc2 Nf6 4. d3 Bf5 5. Nh4 Bg6 6. Nxg6 hxg6 7. Nd2 e6 8. Nf3 Nbd7 9. Bd2 a5 10. g3 Qb6 11. Bg2 Bc5 12. O-O Ng4 13. e3 dxc4 14. d4 Bb4 15. h3 Ngf6 16. Qxc4 Bxd2 17. Nxd2 Qxb2 18. Qd3 Qb6 19. Rab1 Qa7 20. Qa3 b5 21. Bxc6 b4 22. Qd3 Rc8 23. Bg2 Rc3 24. Qb5 O-O 25. Nb3 a4 26. Qxb4 Rc2 27. Qa3 Rfc8 28. Rbc1 Nd5 29. Nc5 Rxc1 30. Rxc1 N5b6 31. Nxd7 Qxd7 32. Rxc8+ Qxc8 33. Qc5 Qa6 34. Bf1 Qb7 35. Bg2 Qa6 36. Kh2 a3 37. Qc6 Qa7 38. h4 Kh7 39. Be4 f5 40. Bf3 Nd5 41. Qxe6 Nf6 42. h5 Qa5 43. hxg6+ Kxg6 44. Kg2 Qd2 45. g4 fxg4 46. Bxg4 1-0


[Site "https://www.chess.com"]

[Event "Titled Tuesday Blitz August 1 Early 2023"]
[White "Ozates, Tuna"]
[Black "Aradhya, Garg"]
[WhiteFideId "6354521"]
[BlackFideId "25006746"]
[WhiteElo "2617"]
[BlackElo "2757"]
[Result "0-1"]
[Round "7"]
[TimeControl "180+1"]
[Date "2023.08.01"]
[WhiteClock "0:00:02"]
[BlackClock "0:00:07"]
[Board "51"]

1. e4 e5 2. Nf3 Nc6 3. Bb5 a6 4. Ba4 Nge7 5. Nc3 d6 6. O-O Bd7 7. a3 g6 8. d4 Bg7 9. d5 Nd4 10. Bxd7+ Qxd7 11. Nxd4 exd4 12. Ne2 c5 13. c3 dxc3 14. Nxc3 O-O 15. Be3 b5 16. Qd2 f5 17. f3 fxe4 18. Nxe4 Nf5 19. Bf2 Rae8 20. Rad1 Nd4 21. Bg3 Be5 22. b4 c4 23. Rfe1 Nf5 24. Bxe5 Rxe5 25. f4 Ree8 26. Ng5 Qa7+ 27. Kh1 Ne3 28. Rc1 Rf5 29. Ne6 Ng4 30. h3 Nf2+ 31. Kh2 Nd3 32. g4 Nxe1 33. Rxe1 Rf7 34. Kg3 Qe7 35. h4 Qf6 36. Rh1 Rfe7 37. h5 Rxe6 38. dxe6 Qxe6 39. hxg6 hxg6 40. Qh2 Qe3+ 41. Kh4 Kg7 42. g5 Rh8+ 0-1


[Site "https://www.chess.com"]

[Event "Titled Tuesday Blitz August 1 Early 2023"]
[White "Kobo, Ori"]
[Black "Jain Kashish Manoj"]
[WhiteFideId "2812320"]
[BlackFideId "35081098"]
[WhiteElo "2756"]
[BlackElo "2611"]
[Result "1-0"]
[Round "7"]
[TimeControl "180+1"]
[Date "2023.08.01"]
[WhiteClock "0:00:14"]
[BlackClock "0:00:00"]
[Board "52"]

1. c4 Nf6 2. Nf3 g6 3. g3 Bg7 4. Bg2 O-O 5. Nc3 d6 6. d4 Nc6 7. O-O e5 8. h3 Re8 9. d5 Ne7 10. e4 Nd7 11. Be3 a5 12. Qc2 h6 13. Nh4 b6 14. a3 Ba6 15. b3 Rf8 16. Rae1 Kh7 17. Kh2 Qe8 18. f4 Kh8 19. Qc1 Ng8 20. Rf2 exf4 21. gxf4 Qe7 22. Nf3 Rae8 23. Nd4 Nc5 24. Qc2 Qd7 25. b4 axb4 26. axb4 Bxc4 27. bxc5 bxc5 28. Nc6 Ba6 29. e5 Bb7 30. Rb1 Bxc6 31. dxc6 Qc8 32. Nd5 Ne7 33. Nxe7 Rxe7 34. Qc4 Rfe8 35. Rfb2 dxe5 36. Bxc5 exf4 37. Rb8 Qf5 38. Bxe7 Kh7 39. Rxe8 f3 40. Rb5 1-0


[Site "https://www.chess.com"]

[Event "Titled Tuesday Blitz August 1 Early 2023"]
[White "Starozhilov, Leonid"]
[Black "vishwa_vijeta"]
[WhiteFideId "14106752"]
[WhiteElo "2751"]
[BlackElo "2605"]
[Result "1-0"]
[Round "7"]
[TimeControl "180+1"]
[Date "2023.08.01"]
[WhiteClock "0:00:07"]
[BlackClock "0:00:08"]
[Board "53"]

1. e4 c5 2. Nf3 d6 3. Bb5+ Bd7 4. c4 Nc6 5. Nc3 Nf6 6. d3 g6 7. O-O Bg7 8. h3 O-O 9. Be3 a6 10. Ba4 Rb8 11. a3 Ne8 12. Rb1 Nc7 13. Bxc6 Bxc6 14. d4 cxd4 15. Bxd4 Bxd4 16. Nxd4 Bd7 17. Qd2 Ne6 18. Nd5 Rc8 19. b3 Nxd4 20. Qxd4 Be6 21. Nc3 Qa5 22. a4 Qc5 23. Rfd1 Qg5 24. Kh1 Qh4 25. Rd3 Rc5 26. Rbd1 Rg5 27. Qe3 Rh5 28. Kh2 Qf6 29. Qf3 Qxf3 30. Rxf3 Kg7 31. Re3 Rc8 32. Kg1 Rhc5 33. f3 Bd7 34. Nd5 Kf8 35. Nb6 R8c7 36. e5 R5c6 37. exd6 Rxd6 38. Rxd6 exd6 39. Rd3 Bc6 40. Rxd6 Re7 41. Kf2 Kg7 42. Rd2 Re5 43. Re2 Rc5 44. h4 h5 45. Kg3 Rf5 46. Rd2 g5 47. hxg5 Rxg5+ 48. Kf2 h4 49. Nd5 Rh5 50. Nf4 Rf5 51. Nh3 Rf6 52. Rd4 Rh6 53. Nf4 Kf6 54. a5 Ke5 55. Ke3 Rf6 56. Nd3+ Kf5 57. Rf4+ Kg5 58. Rxf6 Kxf6 59. Kf4 Bd7 60. Ne5 Bf5 61. b4 Be6 62. b5 Bc8 63. b6 h3 64. gxh3 Bxh3 65. c5 Bc8 66. c6 Ke6 67. cxb7 Bxb7 68. Nd3 f6 69. Nc5+ Kd6 70. Nxb7+ Kc6 71. Nc5 Kxc5 72. b7 Kc6 73. b8=Q Kc5 74. Qb6+ Kc4 75. Qxa6+ Kc3 76. Qxf6+ Kc4 77. Qd6 Kb5 78. a6 Ka5 79. a7 Ka4 80. a8=Q+ Kb3 81. Qad5+ Kb2 82. Qb4+ Kc1 83. Qdd2# 1-0


[Site "https://www.chess.com"]

[Event "Titled Tuesday Blitz August 1 Early 2023"]
[White "Hoang, Thi Bao Tram"]
[Black "Mikhailovsky, Vladimir"]
[WhiteFideId "12401102"]
[BlackFideId "34105414"]
[WhiteElo "2558"]
[BlackElo "2748"]
[Result "0-1"]
[Round "7"]
[TimeControl "180+1"]
[Date "2023.08.01"]
[WhiteClock "0:00:00"]
[BlackClock "0:00:09"]
[Board "54"]

1. e4 Nf6 2. d3 e5 3. Nf3 Nc6 4. Be2 d5 5. Nbd2 Bc5 6. O-O O-O 7. a3 a5 8. b3 Re8 9. Bb2 Bg4 10. h3 Bh5 11. exd5 Nxd5 12. Ne4 Bb6 13. Ng3 Bg6 14. Nd2 Qh4 15. Kh2 Bd4 16. Nf3 Qf4 17. Nxd4 Nxd4 18. Bxd4 Qxd4 19. Bf3 Nc3 20. Qc1 c6 21. Re1 Qxf2 22. Ne2 e4 23. dxe4 Bxe4 24. Rf1 Qc5 25. Nxc3 Qxc3 26. Qf4 Bg6 27. Rac1 Rad8 28. Rf2 Qc5 29. Rcf1 Qxa3 30. Bg4 Qd6 31. Qxd6 Rxd6 32. h4 h5 33. Bf3 Re3 34. Kg3 Rc3 35. Rc1 Rd4 36. Re2 a4 37. bxa4 Rxa4 38. Rb1 b5 39. Rb3 Rac4 40. Rxc3 Rxc3 41. Kf4 Rxc2 42. Rxc2 Bxc2 43. Bxc6 b4 44. Ke3 b3 45. Kd2 Kh7 46. Kc3 Kg6 47. Be8 Kf6 48. g3 Ke6 49. Kb2 Kf5 50. Bxf7 Kg4 0-1


[Site "https://www.chess.com"]

[Event "Titled Tuesday Blitz August 1 Early 2023"]
[White "Xu, Yi"]
[Black "Guz, Ari"]
[WhiteFideId "8605564"]
[BlackFideId "2825759"]
[WhiteElo "2745"]
[BlackElo "2587"]
[Result "0-1"]
[Round "7"]
[TimeControl "180+1"]
[Date "2023.08.01"]
[WhiteClock "0:00:09"]
[BlackClock "0:00:08"]
[Board "55"]

1. d4 e6 2. c4 d5 3. Nf3 c6 4. e3 Nf6 5. b3 Ne4 6. Bd3 Bb4+ 7. Nbd2 Nd7 8. Bb2 f5 9. O-O Qf6 10. a3 Bd6 11. b4 O-O 12. b5 g5 13. Rc1 g4 14. Ne1 Qh4 15. f4 Rf6 16. Qe2 Rh6 17. g3 Nxg3 18. Qg2 Nxf1 19. Nxf1 Nf6 20. bxc6 bxc6 21. cxd5 cxd5 22. Rc6 Bf8 23. Nc2 Bd7 24. Rc7 Bd6 25. Rb7 Bc6 26. Rb3 Rb8 27. Rxb8+ Bxb8 28. Nb4 Be8 29. Qc2 Bd6 30. Qc8 Kf7 31. Qb7+ Kf8 32. Na6 g3 33. hxg3 Qh1+ 34. Kf2 Ng4+ 35. Ke2 Qg2+ 36. Ke1 Rh1 37. Bc1 Qf2+ 38. Kd1 Ba4+ 0-1


[Site "https://www.chess.com"]

[Event "Titled Tuesday Blitz August 1 Early 2023"]
[White "Ning, Kaiyu"]
[Black "Palczert, Matyas"]
[WhiteFideId "8614750"]
[BlackFideId "784958"]
[WhiteElo "2722"]
[BlackElo "2553"]
[Result "1-0"]
[Round "7"]
[TimeControl "180+1"]
[Date "2023.08.01"]
[WhiteClock "0:00:31"]
[BlackClock "0:00:00"]
[Board "56"]

1. e4 c5 2. Nf3 e6 3. d4 cxd4 4. Nxd4 Nc6 5. Nc3 Qc7 6. g3 a6 7. Bg2 Nf6 8. O-O Nxd4 9. Qxd4 Bc5 10. Bf4 d6 11. Qd2 h6 12. Rad1 e5 13. Be3 Bxe3 14. fxe3 Be6 15. Qxd6 Rc8 16. Qxc7 Rxc7 17. Rd2 Rxc3 18. bxc3 Ke7 19. a4 Nd7 20. Rb1 Nc5 21. a5 Rc8 22. Rb4 Rc7 23. Bf1 Nd7 24. Kf2 Nb8 25. Bd3 Nc6 26. Ra4 g6 27. Bc4 Nd8 28. Bxe6 Nxe6 29. Rb4 Nd8 30. c4 Nc6 31. Ra4 Ke6 32. Rd1 Ne7 33. Rb1 Nc6 34. Rb6 Kd7 35. Ra3 Kc8 36. Ke2 Nd8 37. Rd6 Rxc4 38. Kd3 Rc7 39. h4 Nc6 40. h5 Nb4+ 41. Kd2 Rxc2+ 42. Kd1 gxh5 43. Rb6 Rc4 44. Ra4 Rc3 45. Raxb4 Rxe3 46. Rxb7 Rxg3 47. Rxf7 h4 48. Rc4+ Kb8 49. Rc6 h3 50. Rxh6 1-0


[Site "https://www.chess.com"]

[Event "Titled Tuesday Blitz August 1 Early 2023"]
[White "Zhao, Jun"]
[Black "Perez, Maximiliano"]
[WhiteFideId "8602522"]
[BlackFideId "117234"]
[WhiteElo "2721"]
[BlackElo "2545"]
[Result "1-0"]
[Round "7"]
[TimeControl "180+1"]
[Date "2023.08.01"]
[WhiteClock "0:00:30"]
[BlackClock "0:00:00"]
[Board "57"]

1. Nf3 Nf6 2. d4 e6 3. Bf4 d5 4. e3 Bd6 5. Ne5 Qe7 6. Nd2 Nbd7 7. Bd3 c5 8. c3 b6 9. g4 h6 10. h4 Bb7 11. Qf3 h5 12. g5 Bxe5 13. dxe5 Ng4 14. Qg3 c4 15. Bc2 d4 16. Be4 Nc5 17. Bxb7 Qxb7 18. O-O dxe3 19. Bxe3 Qd5 20. Bd4 Nd3 21. Rae1 f5 22. exf6 gxf6 23. f3 Nge5 24. Ne4 O-O-O 25. Nxf6 Qd6 26. Rxe5 1-0


[Site "https://www.chess.com"]

[Event "Titled Tuesday Blitz August 1 Early 2023"]
[White "Fiorito, Joaquin"]
[Black "Souleidis, Georgios"]
[WhiteFideId "180173"]
[BlackFideId "4206827"]
[WhiteElo "2720"]
[BlackElo "2536"]
[Result "0-1"]
[Round "7"]
[TimeControl "180+1"]
[Date "2023.08.01"]
[WhiteClock "0:00:18"]
[BlackClock "0:00:13"]
[Board "58"]

1. d4 Nf6 2. Nc3 d5 3. Bf4 g6 4. e3 Bg7 5. h4 h5 6. Nf3 O-O 7. Ne5 c5 8. Qd2 cxd4 9. exd4 Nc6 10. f3 Qb6 11. Nxc6 Qxc6 12. O-O-O a6 13. Bd3 b5 14. Ne2 Be6 15. Bh6 a5 16. Bxg7 Kxg7 17. g4 b4 18. Ng3 Rh8 19. Rde1 a4 20. g5 Nd7 21. Kb1 b3 22. cxb3 axb3 23. a3 Qb6 24. Qe3 Rhe8 25. f4 Bg4 26. f5 e5 27. f6+ Kf8 28. dxe5 Qxe3 29. Rxe3 Rxe5 30. Rxe5 Nxe5 31. Bb5 Nf3 32. Rd1 Rd8 33. Be2 Ne5 34. Bxg4 hxg4 35. h5 gxh5 36. Nxh5 Nf3 37. Rh1 Nxg5 38. Nf4 Kg8 39. Rh4 Ne4 40. Rxg4+ Kf8 41. Nh5 Rd6 42. Rf4 Rc6 43. Rxe4 dxe4 44. a4 e3 45. Nf4 Rc4 46. Ng2 e2 47. a5 Rd4 0-1


[Site "https://www.chess.com"]

[Event "Titled Tuesday Blitz August 1 Early 2023"]
[White "Kim, Yoon-Young"]
[Black "Molenda, Marcin"]
[WhiteFideId "30908779"]
[BlackFideId "1173065"]
[WhiteElo "2718"]
[BlackElo "2513"]
[Result "1-0"]
[Round "7"]
[TimeControl "180+1"]
[Date "2023.08.01"]
[WhiteClock "0:00:04"]
[BlackClock "0:00:00"]
[Board "59"]

1. d4 d5 2. c4 e6 3. Nf3 Nf6 4. g3 dxc4 5. Bg2 a6 6. O-O Nc6 7. e3 Rb8 8. Qe2 Bd6 9. Qxc4 e5 10. Nc3 O-O 11. Bd2 Qe7 12. d5 Nd8 13. e4 b5 14. Qe2 Nb7 15. Rfc1 h6 16. h3 Nc5 17. b4 Ncd7 18. a3 Nb6 19. Be3 Nc4 20. Nd2 Nxe3 21. Qxe3 Nh7 22. Nb3 f5 23. Na5 f4 24. Qd3 Bd7 25. Nc6 Bxc6 26. dxc6 Ng5 27. h4 f3 28. Bf1 Ne6 29. Nd5 Qf7 30. Bh3 Nd4 31. Ra2 Kh8 32. Rd1 Rbd8 33. Qe3 Ra8 34. Rad2 a5 35. Rxd4 exd4 36. Qxd4 axb4 37. axb4 Rfe8 38. Bf1 Be5 39. Qd3 Ra1 40. Qc2 Rxd1 41. Qxd1 Qe6 42. Kh2 Qxc6 43. Qxf3 Qe6 44. Qd3 c6 45. Ne3 Rf8 46. Nf5 Qa2 47. Be2 Bf6 48. Kg2 Rd8 49. Qf3 Rd2 50. Bf1 Qb2 51. Ne3 Qxb4 52. g4 Qc3 53. g5 hxg5 54. hxg5 Be7 55. Qh5+ Kg8 56. Qe8+ Bf8 57. Qe6+ Kh8 58. Qh3+ Kg8 59. Qe6+ Kh8 60. Qf5 Rd8 61. Be2 Qc5 62. Qh3+ Kg8 63. Bg4 Qxg5 64. Kf1 Bd6 65. Be6+ Kf8 66. Nf5 Qc1+ 67. Kg2 Qg5+ 68. Kh1 1-0


[Site "https://www.chess.com"]

[Event "Titled Tuesday Blitz August 1 Early 2023"]
[White "Mmukka"]
[Black "Papasimakopoulos, Alexandros"]
[BlackFideId "4244125"]
[WhiteElo "2490"]
[BlackElo "2717"]
[Result "0-1"]
[Round "7"]
[TimeControl "180+1"]
[Date "2023.08.01"]
[WhiteClock "0:00:02"]
[BlackClock "0:01:41"]
[Board "60"]

1. e4 e6 2. d4 d5 3. Nc3 Bb4 4. Ne2 Nc6 5. e5 Nge7 6. a3 Ba5 7. b4 Bb6 8. Na4 O-O 9. g3 Bd7 10. Nxb6 axb6 11. c3 f6 12. exf6 Rxf6 13. Bg2 Be8 14. O-O Bh5 15. Bg5 Rf5 16. Be3 e5 17. Qd2 Bf3 18. dxe5 Bxg2 19. Kxg2 Nxe5 20. Nd4 Rf7 21. Bg5 h6 22. Bxe7 Qxe7 23. Rae1 Qf6 24. f4 Nc4 25. Qd3 Rxa3 26. Re8+ Rf8 27. Rxf8+ Qxf8 28. Ne6 Ra2+ 29. Kg1 Qd6 30. Qg6 Qe7 31. f5 Ne5 32. Qh5 Nd7 33. Qg6 Nf8 34. Nxf8 Qe3+ 35. Kh1 Qe4+ 36. Kg1 Qg2# 0-1


[Site "https://www.chess.com"]

[Event "Titled Tuesday Blitz August 1 Early 2023"]
[White "Dimitrov, Atanas"]
[Black "EsmeraldasAnderson03"]
[WhiteFideId "2901315"]
[WhiteElo "2715"]
[BlackElo "2447"]
[Result "1-0"]
[Round "7"]
[TimeControl "180+1"]
[Date "2023.08.01"]
[WhiteClock "0:00:08"]
[BlackClock "0:00:00"]
[Board "61"]

1. Nf3 d5 2. e3 Nf6 3. c4 e6 4. Nc3 Be7 5. b3 O-O 6. Bb2 c5 7. cxd5 exd5 8. d4 b6 9. Be2 Bb7 10. O-O Nbd7 11. Rc1 Rc8 12. Qc2 Qc7 13. Rfd1 Qb8 14. h3 Qa8 15. Qb1 h6 16. Na4 Rc7 17. Rc2 Rfc8 18. Rdc1 Ne4 19. Qa1 Bf8 20. dxc5 bxc5 21. Ne5 Nb6 22. Nc3 Nxc3 23. Bxc3 d4 24. Bb2 Bxg2 25. exd4 Be4 26. Rc3 Nd5 27. Rg3 Nf4 28. Bf1 cxd4 29. Rxc7 Rxc7 30. Bxd4 Ne6 31. Bb2 Qd5 32. Bc4 Qd6 33. Qe1 Bd5 34. Qe3 Bxc4 35. Nxc4 Qd1+ 36. Kg2 Qd5+ 37. Kf1 Qh5 38. Rg4 Ng5 39. Kg2 Re7 40. Qg3 f5 41. Rf4 Ne4 42. Qf3 Qg5+ 43. Kh2 Qf6 44. Rxf5 1-0


[Site "https://www.chess.com"]

[Event "Titled Tuesday Blitz August 1 Early 2023"]
[White "Kuznetsov, Mikhail"]
[Black "Brodowski, Piotr"]
[WhiteFideId "4117190"]
[BlackFideId "1124480"]
[WhiteElo "2480"]
[BlackElo "2712"]
[Result "0-1"]
[Round "7"]
[TimeControl "180+1"]
[Date "2023.08.01"]
[WhiteClock "0:00:02"]
[BlackClock "0:00:17"]
[Board "62"]

1. Nf3 d5 2. g3 Bg4 3. Bg2 Nd7 4. d4 Ngf6 5. O-O e6 6. Nbd2 Be7 7. c3 O-O 8. Re1 c5 9. e4 cxd4 10. cxd4 dxe4 11. Nxe4 Nxe4 12. Rxe4 Nf6 13. Re1 Rc8 14. Bg5 h6 15. Bd2 Qb6 16. Qb3 Qxb3 17. axb3 Rc2 18. Bc3 Nd5 19. Ne5 Nxc3 20. bxc3 Bf5 21. c4 a5 22. c5 Rd8 23. Bxb7 Rxd4 24. Nc6 Bxc5 25. Nxd4 Bxd4 26. Rf1 Bxa1 27. Rxa1 Bh3 28. f3 Rg2+ 29. Kh1 Rb2 30. Kg1 Rxb3 31. Be4 Rb2 32. g4 g6 33. Rxa5 Rg2+ 34. Kh1 Re2 35. Kg1 Bxg4 36. Bxg6 Bxf3 37. Bd3 Rd2 38. Bf1 Bd5 39. Ra3 f5 40. Rg3+ Kf7 41. Ra3 Kf6 42. h4 Rb2 43. Rc3 Rb4 44. Rh3 Rg4+ 45. Kf2 Rf4+ 46. Ke1 Bf3 47. Be2 Bxe2 48. Kxe2 Ra4 49. Ke3 Ra3+ 50. Kf4 Rxh3 51. h5 e5# 0-1


[Site "https://www.chess.com"]

[Event "Titled Tuesday Blitz August 1 Early 2023"]
[White "Al Mukhaini, Shima"]
[Black "Panesar Vedant"]
[WhiteFideId "22005854"]
[BlackFideId "35033018"]
[WhiteElo "2431"]
[BlackElo "2707"]
[Result "0-1"]
[Round "7"]
[TimeControl "180+1"]
[Date "2023.08.01"]
[WhiteClock "0:01:12"]
[BlackClock "0:01:21"]
[Board "63"]

1. d4 Nf6 2. Nf3 d5 3. g3 c5 4. Bg2 cxd4 5. O-O h6 6. Nxd4 e5 7. Nb5 a6 8. N5c3 d4 9. Ne4 Nc6 10. Nxf6+ Qxf6 11. c3 Bc5 12. b4 Ba7 13. Bb2 O-O 14. cxd4 exd4 15. a3 Bg4 16. Nd2 Rfe8 17. Nf3 Rad8 18. Qd3 Ne5 19. Nxe5 Qxe5 20. Bf3 Bxf3 21. exf3 Qe2 22. Qxe2 Rxe2 23. Rab1 d3 24. Bc3 Rc8 25. Rbc1 Kh7 26. Kg2 Rc2 27. Rxc2 dxc2 28. Bd2 Rd8 29. Bc1 Rd1 30. Bb2 Bd4 31. Bxd4 Rxf1 32. Kxf1 c1=Q+ 0-1


[Site "https://www.chess.com"]